 Dungeon Crawl Stone Soup version 0.21.1-1-g345015fe64 (webtiles) character file.

117933 RepoMan the Scorcher (level 16, -7/138 HPs)
             Began as a Red Draconian Wizard on June 23, 2018.
             Was a High Priest of Vehumet.
             Mangled by a wolf spider (11 damage)
             ... on level 3 of the Spider Nest on June 24, 2018.
             The game lasted 04:29:38 (32139 turns).

RepoMan the Scorcher (Red Draconian Wizard)        Turns: 32139, Time: 04:29:39

Health: -7/138     AC: 13    Str: 13    XL:     16   Next: 24%
Magic:  47/47      EV: 15    Int: 23    God:    Vehumet [*****.]
Gold:   783        SH:  0    Dex:  9    Spells: 8/39 levels left

rFire    + . .     SeeInvis +   X - staff of power
rCold    . . .     Gourm    +   B - +0 buckler
rNeg     + + .     Faith    .   (armour unavailable)
rPois    +         Spirit   .   a - +0 hat
rElec    .         Reflect  .   J - scarf {cloud immunity}
rCorr    .         Harm     .   r - +2 pair of gloves
MR       ++...                  q - +0 pair of boots of Integrity {rN++ MR+} (curse)
Stlth    +.........             P - amulet of the gourmand
HPRegen  0.33/turn              I - ring of see invisible
MPRegen  0.30/turn              U - ring of poison resistance

@: confused, slowed, very slow
A: breathe fire, unfitting armour, fire resistance 1, cold-blooded, AC +9
a: Breathe Fire, Renounce Religion


You were on level 3 of the Spider Nest.
You worshipped Vehumet.
Vehumet was extremely pleased with you.
You were very full.

You visited 6 branches of the dungeon, and saw 27 of its levels.
You also visited: Sewer.

You collected 2213 gold pieces.
You spent 1430 gold pieces at shops.

Inventory:

Missiles
 H - 2 throwing nets (quivered)
Armour
 a - a +0 hat (worn)
 q - the cursed +0 pair of boots of Integrity (worn) {rN++ MR+}
   (You bought it in a shop on level 2 of the Orcish Mines)

   It greatly protects you from negative energy.
   It affects your resistance to hostile enchantments.
   It has a curse placed upon it.
 r - a +2 pair of gloves (worn)
 B - a +0 buckler (worn)
 J - a scarf of cloud immunity (worn)
 W - a +0 cloak
Magical Staves
 X - an uncursed staff of power (weapon)
Jewellery
 e - an uncursed amulet of regeneration
 h - an uncursed ring of positive energy
 l - an uncursed ring of protection from cold {unknown}
 I - a ring of see invisible (left hand)
 P - an amulet of the gourmand (around neck)
 U - a ring of poison resistance (right hand)
Wands
 f - a wand of random effects (26)
 u - a wand of enslavement (25)
 w - a wand of polymorph (20)
 M - a wand of flame (28)
 O - a wand of acid (8)
Scrolls
 b - 3 scrolls of fog {unknown}
 d - 3 scrolls of amnesia
 g - 2 scrolls of enchant armour {unknown}
 i - 3 scrolls of identify
 j - 2 scrolls of immolation {unknown}
 o - a scroll of acquirement {unknown}
 p - 3 scrolls of magic mapping
 s - 4 scrolls of remove curse
 t - a scroll of holy word {unknown}
 y - a scroll of blinking
 A - a scroll of fear
 C - 8 scrolls of teleportation
 G - a scroll of summoning
Potions
 k - 6 potions of flight
 m - 3 potions of ambrosia
 n - 7 potions of curing
 v - 5 potions of brilliance
 z - a potion of cancellation
 D - a potion of invisibility
 E - a potion of heal wounds
 F - 2 potions of resistance
 K - 2 potions of berserk rage
Miscellaneous
 x - a phial of floods (inert)
Comestibles
 c - 30 rations


   Skills:
 + Level 11.4 Fighting
 + Level 6.9 Dodging
 - Level 1.7 Stealth
 - Level 4.0 Shields
 + Level 12.0 Spellcasting
 + Level 14.4 Conjurations
   Level 1.0 Summonings
 - Level 2.5 Translocations
 * Level 19.8 Fire Magic


You had 8 spell levels left.
You knew the following spells:

 Your Spells              Type           Power        Failure   Level  Hunger
a - Magic Dart            Conj           ####         0%          1    None
b - Blink                 Tloc           N/A          2%          2    None
d - Orb of Destruction    Conj           ######....   2%          7    #######
f - Force Lance           Conj/Tloc      ######..     1%          4    None
g - Apportation           Tloc           ####..       1%          1    None
i - Ignition              Fire           #######...   2%          8    #######
m - Mephitic Cloud        Conj/Pois/Air  #####...     1%          3    None
s - Sticky Flame          Conj/Fire      #######.     1%          4    None
t - Flame Tongue          Conj/Fire      #####        0%          1    None


Dungeon Overview and Level Annotations

Branches:
Dungeon (14/15)            Temple (1/1) D:7            Lair (6/6) D:8
 Shoals (0/4) Lair:4       Spider (3/4) Lair:3        Slime (0/5) Lair:5
    Orc (2/2) D:9             Elf (1/3) Orc:2        Vaults (0/5) D:13

Altars:
Ashenzari
Cheibriados
Dithmenos
Elyvilon
Fedhas
Gozag
Hepliaklqana
Kikubaaqudgha
Makhleb
Nemelex Xobeh
Okawaru
Qazlal
Ru
Sif Muna
Trog
Uskayaw
Vehumet
Wu Jian
Xom
Yredelemnul
Zin
The Shining One
Jiyva

Shops:
D:6 [   D:7 }   D:8 (   D:9 =%(**   D:14 *   Orc:2 [*(=

Annotations:
D:5 exclusion: 2 doors
D:14 Agnes, Nessos
Spider:3 Arachne
Elf:1 Louise


Innate Abilities, Weirdness & Mutations

You can breathe blasts of fire.
Your fiery red scales are hard. (AC +9)
You cannot fit into any form of body armour.
Your flesh is heat resistant. (rF+)
You are cold-blooded and may be slowed by cold attacks.


Message History

Unknown command.
Unknown command.
You feel better.
The tarantella bites you but does no damage.
The wolf spider hits you!! The wolf spider bites you! The tarantella bites you.
The tarantella misses you. The wolf spider hits you!
* * * LOW HITPOINT WARNING * * *
The wolf spider misses you. x3; The tarantella closely misses you.
The tarantella bites you!
* * * LOW HITPOINT WARNING * * *
You are confused.
The tarantella bites you.
* * * LOW HITPOINT WARNING * * *
You are more confused.
The wolf spider hits you!
* * * LOW HITPOINT WARNING * * *
The wolf spider closely misses you.
The torpor snail pulls away from the web.
The wolf spider hits you!
You die...

.#.†..# .....^.
.......
s...^..s
.^^.... .. ....
# .. .......
.(..... ....
.......#. ..#..
....
....(.>..sw^..#
...^
....^..^#...#..
##.#
#..s.s...y.. ..
#..s@s......
....
......s.......^
....
#...#..........
#...
.........#.....
.... .
..#..........
........#...#..
........... . .
...#...#.##...


You could see a spark wasp, a torpor snail, 3 wolf spiders and 3 tarantellas.

Vanquished Creatures
  An acid blob (Lair:5)
  An azure jelly (D:13)
  A deep elf sorcerer (Elf:1)
  2 orc warlords (Orc:2)
  2 emperor scorpions
  An entropy weaver (Spider:3)
  A spark wasp (Spider:2)
  An ettin (Orc:2)
  The ghost of Jannitor the Jinx, a journeyman DsEn of Wu Jian (D:12)
  A death ooze (D:13)
  A great orb of eyes (D:13)
  A yaktaur captain (D:13)
  3 hydras
  2 centaur warriors
  6 death yaks
  10 two-headed ogres
  6 orc high priests
  2 deep elf knights (Elf:1)
  A skeletal warrior (D:14)
  An unseen horror (D:11)
  The ghost of Jannitor the Vexing, a novice DsEn of Uskayaw (D:9)
  A deep elf archer (Elf:1)
  3 orc knights (Orc:2)
  3 orc sorcerers (Orc:2)
  4 oklob plants
  6 ugly things
  8 orb spiders
  13 wolf spiders
  A deep elf mage (Elf:1)
  3 cyclopes
  3 elephants (Lair:4)
  Maurice (D:10)
  A moth of wrath (Spider:2)
  A merfolk siren (Lair:4)
  An eye of devastation (D:13)
  Psyche (D:9)
  A torpor snail (Spider:2)
  4 black mambas
  29 spiny frogs
  5 gargoyles
  5 komodo dragons
  4 demonic crawlers
  2 yaktaurs (D:13)
  A tengu conjurer (D:14)
  3 trolls
  3 meliai (D:13)
  4 tyrant leeches (Lair:6)
  18 jumping spiders
  2 polar bears (Lair:3)
  Grinder (D:6)
  16 blink frogs
  A hornet (Spider:1)
  6 hippogriffs
  13 slime creatures
  5 dream sheep (Lair:5)
  13 tarantellas
  6 wyverns
  41 redbacks
  47 yaks
  The ghost of Greboboi the Shield-Bearer, an amateur GnFi (D:3)
  6 vampire mosquitoes
  4 basilisks
  2 humans
  A hungry ghost (D:9)
  2 wargs
  An acid dragon (D:12)
  2 floating eyes (D:14)
  7 porcupines
  13 water moccasins
  40 orc warriors
  8 ice beasts
  6 black bears
  5 sky beasts
  2 necrophages
  13 wolves
  3 phantoms
  16 crocodiles
  11 centaurs
  7 ogres
  Blork the orc (D:6)
  5 big kobolds
  36 bullfrogs
  2 gnoll sergeants
  A scorpion (D:10)
  A water moccasin zombie (D:6)
  A wyvern skeleton (D:8)
  5 killer bees (D:13)
  3 wights (D:12)
  5 howler monkeys
  2 electric eels
  5 crimson imps
  4 jellies
  3 quasits
  2 bullfrog skeletons
  6 hounds
  2 bullfrog zombies
  3 centaur skeletons
  27 orc priests
  24 orc wizards
  9 worker ants
  A killer bee zombie (D:8)
  A hound skeleton (D:5)
  Robin (D:2)
  A worker ant zombie (D:9)
  18 gnolls
  11 adders
  6 shadow imps
  An ooze (Sewer)
  3 worms
  2 dart slugs (D:1)
  3 leopard geckos
  86 orcs
  7 bats
  5 giant cockroaches
  15 goblins
  7 hobgoblins
  11 jackals
  4 quokkas
  4 ball pythons
  A ball python skeleton (D:4)
  6 frilled lizards
  40 kobolds
  10 rats
  2 fungi
  3 plants
872 creatures vanquished.

Vanquished Creatures (collateral kills)
  A demonic crawler (Spider:2)
  An adder (D:2)
  A worm (D:2)
  An orc (D:10)
  A goblin (D:2)
  A hobgoblin (D:2)
  A kobold (D:2)
7 creatures vanquished.

Vanquished Creatures (others)
  A bush (Lair:2)
  28 fungi
  52 plants
81 creatures vanquished.

Grand Total: 960 creatures vanquished

Notes
Turn   | Place    | Note
-------+----------+-------------------------------------------
     0 | D:1      | RepoMan the Draconian Wizard began the quest for the Orb.
     0 | D:1      | Reached XP level 1. HP: 14/14 MP: 4/4
   326 | D:1      | Reached XP level 2. HP: 20/20 MP: 0/6
   330 | D:1      | Learned a level 2 spell: Blink
   333 | D:1      | Learned a level 2 spell: Call Imp
  1224 | D:1      | Reached XP level 3. HP: 26/26 MP: 4/7
  1264 | D:1      | Learned a level 3 spell: Mephitic Cloud
  1768 | D:2      | Noticed Robin
  2140 | D:2      | Killed Robin
  2140 | D:2      | Reached XP level 4. HP: 32/33 MP: 9/9
  2554 | D:3      | Noticed Greboboi's ghost (amateur GnFi)
  2826 | D:3      | Reached XP level 5. HP: 38/38 MP: 5/10
  3983 | D:3      | Killed Greboboi's ghost
  3983 | D:3      | Reached skill level 5 in Conjurations
  3983 | D:3      | Reached XP level 6. HP: 42/45 MP: 9/12
  4490 | D:4      | Found a blossoming altar of Fedhas.
  4661 | D:4      | Found a glowing drain.
  4680 | Sewer    | Entered a sewer
  4876 | Sewer    | Reached skill level 5 in Spellcasting
  4876 | Sewer    | Your scales start taking on a fiery red colour.
  4876 | Sewer    | Reached XP level 7. HP: 50/50 MP: 8/14
  4876 | Sewer    | Gained mutation: Your flesh is heat resistant. (rF+) [Red Draconian growth]
  5221 | D:4      | Found an ancient bone altar of Kikubaaqudgha.
  5331 | D:5      | Entered Level 5 of the Dungeon
  5767 | D:5      | Identified Sif Muna's Almanac of Bewitchment
  6103 | D:6      | Noticed Blork the orc
  6117 | D:6      | Noticed Grinder
  6121 | D:6      | Killed Blork the orc
  6121 | D:6      | Reached XP level 8. HP: 33/57 MP: 13/16
  6123 | D:6      | Killed Grinder
  6163 | D:6      | Found Delaxtoh's Armour Shop.
  6658 | D:6      | Found a bloodstained altar of Trog.
  6658 | D:6      | Found a faded altar of an unknown god.
  6672 | D:6      | Found a sacrificial altar of Ru.
  6676 | D:6      | Found a hide-covered altar of Uskayaw.
  6677 | D:6      | Found a radiant altar of Vehumet.
  6682 | D:6      | Became a worshipper of Vehumet
  6815 | D:7      | Reached skill level 1 in Fighting
  6909 | D:7      | Reached XP level 9. HP: 64/64 MP: 19/19
  7071 | D:7      | Learned a level 1 spell: Apportation
  7079 | D:7      | Found Omudarch's Gadget Shoppe.
  7268 | D:7      | Found a staircase to the Ecumenical Temple.
  7277 | Temple   | Entered the Ecumenical Temple
  7874 | D:8      | Noticed a two-headed ogre
  7882 | D:8      | Killed a two-headed ogre
  7882 | D:8      | Reached skill level 10 in Conjurations
  8039 | D:8      | Reached * piety under Vehumet
  8039 | D:8      | Offered knowledge of Shock by Vehumet.
  8165 | D:8      | Found a staircase to the Lair.
  8176 | D:8      | Noticed a two-headed ogre
  8187 | D:8      | Killed a two-headed ogre
  8187 | D:8      | Reached XP level 10. HP: 80/80 MP: 18/21
  8256 | Lair:1   | Entered Level 1 of the Lair of Beasts
  8256 | Lair:1   | Noticed a spiny frog
  8618 | D:8      | Found Fub Pioh's Weapon Shop.
  8991 | D:9      | Reached skill level 5 in Fighting
  9106 | D:9      | Noticed a two-headed ogre
  9112 | D:9      | Killed a two-headed ogre
  9289 | D:9      | Found Epnuposm's Jewellery Shop.
  9368 | D:9      | Noticed Jannitor's ghost (novice DsEn)
  9370 | D:9      | Noticed Psyche
  9382 | D:9      | Killed Jannitor's ghost
  9404 | D:9      | Reached ** piety under Vehumet
  9482 | D:9      | Offered knowledge of Flame Tongue by Vehumet.
  9485 | D:9      | Learned a level 1 spell: Flame Tongue
  9486 | D:9      | Noticed a two-headed ogre
  9665 | D:9      | Reached skill level 1 in Fire Magic
  9714 | D:9      | Killed Psyche
  9714 | D:9      | Reached skill level 2 in Fire Magic
  9737 | D:9      | Reached XP level 11. HP: 65/91 MP: 15/23
  9741 | D:9      | Reached skill level 3 in Fire Magic
  9897 | D:9      | Found a staircase to the Orcish Mines.
  9943 | D:9      | Found Byegg's Weapon Emporium.
  9985 | D:9      | Found Jucwetoch's Assorted Antiques.
  9988 | D:9      | Found Kag Kisch's Assorted Antiques.
  9996 | D:9      | Bought a scroll of identify for 48 gold pieces
 10006 | D:9      | Bought a scroll of identify for 40 gold pieces
 10019 | D:9      | Bought a puce potion for 18 gold pieces
 10027 | D:9      | Bought a hardcover book for 360 gold pieces
 10112 | D:9      | Found Wuvusuph's Food Boutique.
 10260 | D:9      | Killed a two-headed ogre
 10260 | D:9      | Reached skill level 4 in Fire Magic
 10625 | D:10     | Entered Level 10 of the Dungeon
 10847 | D:10     | Reached skill level 5 in Fire Magic
 10951 | D:10     | Offered knowledge of Throw Frost by Vehumet.
 11053 | D:10     | Reached skill level 6 in Fire Magic
 11055 | D:10     | Reached *** piety under Vehumet
 11058 | D:10     | Noticed Maurice
 11072 | D:10     | Killed Maurice
 11206 | D:10     | Noticed a two-headed ogre
 11214 | D:10     | Killed a two-headed ogre
 11424 | D:10     | Learned a level 4 spell: Force Lance
 11482 | D:10     | Reached skill level 7 in Fire Magic
 11483 | D:10     | Offered knowledge of Sticky Flame by Vehumet.
 11489 | D:10     | Learned a level 4 spell: Sticky Flame
 11852 | D:11     | Reached **** piety under Vehumet
 11869 | D:11     | Offered knowledge of Iskenderun's Battlesphere by Vehumet.
 11878 | D:11     | Reached skill level 1 in Shields
 11905 | D:11     | Found a stormy altar of Qazlal.
 12450 | Lair:1   | Reached XP level 12. HP: 101/101 MP: 25/25
 12476 | Lair:1   | Reached skill level 8 in Fire Magic
 14029 | Lair:2   | Reached skill level 9 in Fire Magic
 14174 | Lair:2   | Reached skill level 10 in Spellcasting
 14395 | Lair:2   | Reached ***** piety under Vehumet
 14440 | Lair:2   | Offered knowledge of Conjure Ball Lightning by Vehumet.
 15197 | Lair:3   | Reached skill level 10 in Fire Magic
 15467 | Lair:3   | Found a hole to the Spider Nest.
 16556 | Lair:4   | Reached skill level 11 in Fire Magic
 16977 | Lair:4   | Reached XP level 13. HP: 110/111 MP: 27/27
 17147 | Lair:4   | Found a staircase to the Shoals.
 17701 | Lair:5   | Reached skill level 12 in Fire Magic
 18047 | Lair:5   | Reached skill level 13 in Fire Magic
 18510 | Lair:5   | Found a runed door.
 18511 | Lair:5   | Found a viscous altar of Jiyva.
 18512 | Lair:5   | Noticed an acid blob
 18513 | Lair:5   | Found a staircase to the Slime Pits.
 18521 | Lair:5   | Killed an acid blob
 18565 | Lair:5   | Reached skill level 14 in Fire Magic
 18837 | Lair:6   | Entered Level 6 of the Lair of Beasts
 19648 | Lair:6   | Reached skill level 15 in Fire Magic
 19661 | Lair:6   | Learned a level 8 spell: Ignition
 20170 | Lair:6   | Offered knowledge of Poison Arrow by Vehumet.
 20686 | Lair:6   | Reached skill level 16 in Fire Magic
 20895 | Lair:6   | Reached XP level 14. HP: 112/118 MP: 28/28
 21770 | Lair:6   | Reached skill level 17 in Fire Magic
 21994 | Lair:6   | Got a warped lapis lazuli ring
 21995 | Lair:6   | Identified the ring "Jefita" {rN+ Stlth+} (You found it on level 6 of the Lair of Beasts)
 23777 | D:12     | Noticed Jannitor's ghost (journeyman DsEn)
 23787 | D:12     | Killed Jannitor's ghost
 24260 | D:13     | Offered knowledge of Spellforged Servitor by Vehumet.
 24682 | D:13     | Found a viscous altar of Jiyva.
 24717 | D:13     | Found a transporter.
 24722 | D:13     | Found a transporter.
 24724 | D:13     | Noticed an azure jelly
 24727 | D:13     | Killed an azure jelly
 24727 | D:13     | Reached skill level 18 in Fire Magic
 25154 | D:13     | Found a gate to the Vaults.
 25458 | D:14     | Found Oxuytaqu's Assorted Antiques.
 25547 | D:14     | Bought a potion of curing for 96 gold pieces
 25547 | D:14     | Bought a potion of heal wounds for 160 gold pieces
 25577 | D:14     | Reached skill level 10 in Fighting
 25599 | D:14     | Reached XP level 15. HP: 115/126 MP: 16/30
 25639 | D:14     | Noticed Agnes
 25682 | D:14     | Noticed Nessos
 25913 | Orc:1    | Entered Level 1 of the Orcish Mines
 25968 | Orc:1    | Reached skill level 5 in Dodging
 26134 | Orc:2    | Entered Level 2 of the Orcish Mines
 26136 | Orc:2    | Noticed an orc warlord
 26145 | Orc:2    | Killed an orc warlord
 26373 | Orc:2    | Reached ****** piety under Vehumet
 26486 | Orc:2    | Offered knowledge of Bolt of Magma by Vehumet.
 26714 | Orc:2    | Found a staircase to the Elven Halls.
 27351 | Orc:2    | Noticed an orc warlord
 27386 | Orc:2    | Killed an orc warlord
 28050 | Orc:2    | Found Kevu's General Store.
 28051 | Orc:2    | Found Hoele's Jewellery Emporium.
 28053 | Orc:2    | Found Jity's Antique Armour Shoppe.
 28053 | Orc:2    | Found Zotwi's Antique Weapon Shoppe.
 28059 | Orc:2    | Bought a pair of spiked boots for 237 gold pieces
 28064 | Orc:2    | Identified the cursed +0 pair of boots of Integrity {rN++ MR+} (You bought it in a shop on level 2 of the Orcish Mines)
 28080 | Orc:2    | Bought a ration for 60 gold pieces
 28080 | Orc:2    | Bought a ration for 60 gold pieces
 28080 | Orc:2    | Bought a scroll of blinking for 90 gold pieces
 28080 | Orc:2    | Bought a scroll of teleportation for 36 gold pieces
 28140 | Elf:1    | Entered Level 1 of the Elven Halls
 28140 | Elf:1    | Noticed a deep elf sorcerer
 28143 | Elf:1    | Killed a deep elf sorcerer
 28143 | Elf:1    | Reached skill level 19 in Fire Magic
 28148 | Elf:1    | Noticed Louise
 28228 | D:9      | Bought an uncursed ring of see invisible for 225 gold pieces
 28394 | Spider:1 | Entered Level 1 of the Spider Nest
 28593 | Spider:1 | Offered knowledge of Orb of Destruction by Vehumet.
 28602 | Spider:1 | Learned a level 7 spell: Orb of Destruction
 30473 | Spider:2 | Reached XP level 16. HP: 126/137 MP: 20/31
 31403 | Spider:3 | Noticed Arachne
 31679 | Spider:3 | Offered knowledge of Bolt of Fire by Vehumet.
 32139 | Spider:3 | HP: 4/138 [wolf spider (16)]
 32139 | Spider:3 | Mangled by a wolf spider

Skill      XL: |  1  2  3  4  5  6  7  8  9 10 11 12 13 14 15 16 |
---------------+-------------------------------------------------+-----
Conjurations   | 2 3 4 5 6 7 9 10 12 13 14 | 14.4
Spellcasting   | 4 5 6 7 8 9 10 11 12 | 12.0
Dodging        | 2 3 4 6 |  6.9
Fighting       | 1 4 6 8 9 10 11 | 11.4
Translocations | 2 |  2.5
Fire Magic     | 2 7 11 16 18 19 | 19.8
Shields        | 1 4 |  4.0
Stealth        | |  1.7
Summonings     | |  1.0

Action                   |  1- 3 |  4- 6 |  7- 9 | 10-12 | 13-15 | 16-18 || total
-------------------------+-------+-------+-------+-------+-------+-------++-------
Melee: Unarmed           |     7 |       |       |       |       |       ||     7
       Tailslap          |     1 |       |     6 |     3 |     8 |       ||    18
       Halberd           |       |     4 |    52 |     4 |       |       ||    60
       Hunting sling     |       |       |     2 |     1 |       |       ||     3
       Staff             |       |       |       |    36 |    60 |       ||    96
 Fire: Hunting sling     |    16 |    92 |   159 |   198 |       |       ||   465
       Arbalest          |       |    11 |     8 |     9 |       |       ||    28
Throw: Throwing net      |       |       |       |     4 |     1 |       ||     5
 Cast: Magic Dart        |    89 |    63 |    45 |    54 |    24 |     1 ||   276
       Call Imp          |     3 |     7 |       |       |       |       ||    10
       Mephitic Cloud    |     1 |    10 |    13 |    26 |    21 |     3 ||    74
       Blink             |       |     1 |     4 |       |    15 |     3 ||    23
       Flame Tongue      |       |       |       |   156 |   240 |     6 ||   402
       Sticky Flame      |       |       |       |    55 |   198 |    15 ||   268
       Force Lance       |       |       |       |     9 |   185 |    22 ||   216
       Ignition          |       |       |       |       |    49 |    10 ||    59
       Orb of Destructio |       |       |       |       |     9 |     4 ||    13
 Abil: Breathe Fire      |       |       |    32 |   100 |    98 |     5 ||   235
Evoke: Wand              |       |       |       |       |    12 |       ||    12
       Phial of floods   |       |       |       |       |     1 |     1 ||     2
  Use: Scroll            |       |     3 |       |    18 |    15 |     2 ||    38
       Potion            |       |       |       |     3 |     4 |     4 ||    11
 Stab: Sleeping          |       |     1 |       |       |       |       ||     1
       Held in net/web   |       |       |       |     1 |       |       ||     1
       Distracted        |       |       |       |     1 |       |       ||     1
  Eat: Chunk             |     4 |     9 |    17 |    51 |    93 |     3 ||   177
       Ration            |       |       |       |     3 |     1 |     3 ||     7
Armor: Skin              |     5 |     8 |    59 |    79 |   139 |    22 ||   312
Dodge: Dodged            |    20 |    30 |    70 |   225 |   273 |    58 ||   676
Block: Buckler           |       |       |       |    27 |    90 |    10 ||   127
